 Dungeon Crawl Stone Soup version 0.26-a0-663-g36e8fdb655 (webtiles) character file.

Game seed: 13979619310264127724

10474 nel the Basher (level 11, -4/75 HPs)
             Began as a Human Monk on Oct 10, 2020.
             Was an Elder of the Shining One.
             Hit by a javelin thrown by Urug (24 damage)
             ... on level 11 of the Dungeon on Oct 11, 2020.
             The game lasted 01:06:45 (19375 turns).

nel the Basher (Human Monk)                        Turns: 19375, Time: 01:06:46

Health: -4/75      AC: 11    Str: 18    XL:     11   Next: 93%
Magic:  0/13       EV: 19    Int: 10    God:    the Shining One [****..]
Gold:   527        SH:  0    Dex: 17    Spells: 9/10 levels left

rFire    + . .     SeeInvis .   y - +1 flail
rCold    + + +     Faith    .   (no shield)
rNeg     + + .     Spirit   +   m - +0 steam dragon scales
rPois    .         Reflect  .   o - +2 helmet
rElec    +         Harm     .   t - scarf {rC+ rF+}
rCorr    .         Rampage  .   f - +0 pair of gloves
MR       +....                  (no boots)
Stlth    +.........             e - amulet of guardian spirit
HPRegen  0.22/turn              L - ring "Madghah" {*Contam rElec rC++ MR+ Str+4}
MPRegen  0.13/turn              B - +4 ring of evasion

@: glowing
A: no striking features
a: Divine Shield, Cleansing Flame, Renounce Religion


You were on level 11 of the Dungeon.
You worshipped the Shining One.
The Shining One was greatly pleased with you.
You visited 2 branches of the dungeon, and saw 12 of its levels.
You also visited: Ossuary.

You collected 527 gold pieces.

Inventory:

Hand Weapons
 y - a +1 flail (weapon)
 K - a +0 morningstar
Missiles
 j - 7 boomerangs of dispersal
 G - 22 boomerangs (quivered)
 N - a javelin
Armour
 f - a +0 pair of gloves (worn)
 m - +0 steam dragon scales (worn)
 n - a +0 plate armour
 o - a +2 helmet (worn)
 t - a scarf of resistance (worn)
Jewellery
 a - an uncursed ring of resist corrosion
 e - an amulet of guardian spirit (around neck)
 k - an uncursed amulet of reflection
 q - an uncursed ring of protection from magic
 B - a +4 ring of evasion (right hand)
 C - an uncursed ring of protection from cold
 J - a cursed -4 ring of evasion
 L - the ring "Madghah" (left hand) {*Contam rElec rC++ MR+ Str+4}
   (You took it off a centaur on level 11 of the Dungeon)

   [ring of protection from magic]

   It affects your strength (+4).
   It greatly protects you from cold.
   It insulates you from electricity.
   It affects your resistance to hostile enchantments.
   It causes magical contamination when unequipped.
Wands
 s - a wand of disintegration (3)
 u - a wand of digging (5)
 x - a wand of enslavement (13)
Scrolls
 b - 4 scrolls of teleportation
 d - 2 scrolls of fog
 g - 7 scrolls of identify
 h - 2 scrolls of enchant weapon
 l - a scroll of magic mapping
 p - 2 scrolls of remove curse
 r - a scroll of immolation {unknown}
 v - a scroll of enchant armour
 w - a scroll of blinking
 z - 2 scrolls of amnesia
 H - a scroll of summoning
 M - a scroll of acquirement {unknown}
Potions
 c - a potion of invisibility
 i - 2 potions of flight
 A - 3 potions of haste
 F - 2 potions of berserk rage
 I - a potion of curing


   Skills:
 - Level 3.0 Fighting
 * Level 14.2 Maces & Flails
 + Level 9.0 Armour
 - Level 5.3 Dodging
 - Level 2.0 Stealth
 + Level 3.4 Invocations


You had 9 spell levels left.
You knew the following spells:

 Your Spells              Type           Power        Failure   Level
a - Summon Small Mammal   Summ           #...         36%         1

Your spell library contained the following spells:

 Spells                   Type           Power        Failure   Level
 Corona                   Hex            #......      36%         1
 Call Imp                 Summ           #.......     50%         2
 Corpse Rot               Necr/Air       N/A          50%         2
 Ensorcelled Hibernation  Hex/Ice        #.....       50%         2
 Call Canine Familiar     Summ           #.......     75%         3
 Confusing Touch          Hex            #.......     75%         3
 Dazzling Flash           Conj/Hex       #.....       75%         3
 Stone Arrow              Conj/Erth      #.....       75%         3
 Summon Guardian Golem    Hex/Summ       #.......     75%         3
 Tukima's Dance           Hex            #.......     75%         3
 Summon Ice Beast         Ice/Summ       #.......     98%         4
 Summon Lightning Spire   Summ/Air       #.......     98%         4
 Summon Forest            Summ/Tloc      #.........   100%        5
 Eringya's Noxious Bog    Tmut/Pois      #.........   100%        6
 Hydra Form               Tmut           #.........   100%        6
 Summon Hydra             Summ           #.........   100%        7


Dungeon Overview and Level Annotations

Branches:
Dungeon (11/15)            Temple (1/1) D:5            Lair (0/6) D:11
Ossuary (visited)
    Orc: D:9-12

Altars:
Ashenzari
Cheibriados
Dithmenos
Elyvilon
Fedhas
Gozag
Hepliaklqana
Kikubaaqudgha
Makhleb
Nemelex Xobeh
Okawaru
Qazlal
Ru
Sif Muna
Trog
Uskayaw
Vehumet
Wu Jian
Xom
Yredelemnul
Zin
The Shining One

Shops:
D:5 !

Annotations:
D:11 Urug


Message History

Evoke which item? (* to show all) (? for menu, Esc to quit)
Aiming: Disintegrate
Press: ? - help, Shift-Dir - straight line, f/p - Urug
Aim: Urug, wielding a +6 battleaxe, wearing a +0 chain mail and quivering 5 javelins (moderately wounded, haloed, chance to defeat MR: 48%) Urug resists with some effort.
You thump Urug!
Urug is moderately wounded.
You hit Urug but do no damage.
Urug is moderately wounded.
Urug hits you with a +6 battleaxe!!
It was a potion of magic.
Magic courses through your body. Urug hits you with a +6 battleaxe!!
Urug hits you but does no damage.
Urug throws a javelin.
The javelin pierces through you!
* * * LOW HITPOINT WARNING * * *
You feel much better.
Urug throws a javelin.
The javelin misses you.
Urug throws a javelin.
The javelin pierces through you!!
* * * LOW HITPOINT WARNING * * *
Urug throws a javelin.
The javelin pierces through you!!
You die...

###.............#...............
#P............####.#..####....
##....♣......## ##.#..# #.....
##.........#####.....# #....s
###....P###.....#...###....<
##[#### #(###.......##...u #.##
#.# ##.##.#.###... #.#(#
#.###...#.#.# ##.. ## #.##.#
#@##..#...#.# ##. .# #.#
#.##.##....###.#####. .# #.#
#.#.##.#.......u.>.. .# #.#
##.>..........###### .# #.#
#.o##.####.### .# #(#####...#.#
#.# .########(..........## #.#
..÷....())...##..#...###.#
.###########.##..........#


You could see Urug.

Vanquished Creatures
  Erolcha (D:9)
  An ugly thing (D:11)
  A gargoyle (D:11)
  Maggie (D:7)
  An acid dragon (D:10)
  An orc warrior (D:8)
  4 trolls
  4 wyverns
  Sigmund (D:2)
  Eustachio (D:4)
  4 yaks (D:11)
  2 lava snakes (D:10)
  2 water moccasins
  2 ice beasts (D:9)
  A sky beast (D:5)
  3 necrophages
  2 black bears (D:10)
  A phantom (D:6)
  5 ogres
  6 centaurs
  4 big kobolds
  5 bullfrogs
  A wyvern zombie (D:7)
  A water moccasin skeleton (D:5)
  8 scorpions
  6 killer bees (D:7)
  2 wights (D:10)
  5 electric eels (D:10)
  A quasit (D:7)
  2 bullfrog zombies (D:6)
  A bullfrog skeleton (D:7)
  2 centaur zombies (Ossuary)
  8 orc wizards
  6 hounds
  A jelly (D:9)
  A gnoll shaman (D:5)
  A human zombie (Ossuary)
  2 orc priests
  3 iguanas
  Natasha (thrice) (D:2)
  4 worker ants
  2 big kobold zombies (Ossuary)
  3 mummies
  14 gnolls
  12 adders
  4 shadow imps
  2 white imps (D:6)
  3 ufetubi
  2 oozes
  5 adder skeletons
  4 adder zombies
  2 worms
  5 dart slugs
  4 leopard geckos
  32 orcs
  2 ball pythons
  7 giant cockroaches
  6 goblins
  3 hobgoblins
  19 jackals
  4 quokkas
  11 bats
  9 frilled lizards
  3 goblin zombies
  11 hobgoblin zombies (Ossuary)
  A jackal skeleton (D:4)
  A jackal zombie (D:9)
  18 kobolds
  9 kobold zombies (Ossuary)
  7 orc zombies (Ossuary)
  9 rats
  2 rat zombies (Ossuary)
327 creatures vanquished.

Vanquished Creatures (collateral kills)
  A two-headed ogre (D:10)
  An ugly thing (D:11)
  A basilisk (D:11)
  An orc warrior (D:8)
  2 centaurs
  2 killer bees (D:10)
  A wight (D:10)
  A howler monkey (D:8)
  A shadow imp (D:8)
  An orc (D:8)
12 creatures vanquished.

Vanquished Creatures (others)
  A wight (D:10)
  2 killer bees (D:10)
  A quokka (D:9)
  3 bushes (D:11)
  5 fungi (D:11)
  18 plants (D:11)
30 creatures vanquished.

Grand Total: 369 creatures vanquished

Notes
Turn   | Place    | Note
-------+----------+-------------------------------------------
     0 | D:1      | nel the Human Monk began the quest for the Orb.
     0 | D:1      | Reached XP level 1. HP: 18/18 MP: 1/1
   192 | D:1      | Reached XP level 2. HP: 22/24 MP: 2/2
   355 | D:1      | Reached skill level 1 in Armour
   469 | D:1      | Reached XP level 3. HP: 29/29 MP: 3/3
   840 | D:2      | Noticed Natasha
   854 | D:2      | Killed Natasha
   854 | D:2      | Reached skill level 4 in Maces & Flails
   854 | D:2      | Reached XP level 4. HP: 22/35 MP: 4/4
  1090 | D:2      | Noticed Natasha
  1112 | D:2      | Killed Natasha
  1112 | D:2      | Reached XP level 5. HP: 11/41 MP: 5/5
  1437 | D:2      | Noticed Natasha
  1738 | D:2      | Noticed Sigmund
  1930 | D:2      | Found a sacrificial altar of Ru.
  1987 | D:2      | Killed Natasha
  1987 | D:2      | Reached skill level 5 in Maces & Flails
  2986 | D:4      | Reached XP level 6. HP: 47/47 MP: 6/6
  3090 | D:4      | Noticed Eustachio
  3144 | D:4      | Killed Eustachio
  3144 | D:4      | Reached skill level 6 in Maces & Flails
  3144 | D:4      | Reached XP level 7. HP: 33/52 MP: 7/7
  3360 | D:4      | Found a sand-covered staircase.
  3429 | Ossuary  | Entered an ossuary
  4396 | Ossuary  | Reached skill level 7 in Maces & Flails
  4913 | D:4      | HP: 2/52 [poisoned by a worker ant]
  4921 | D:4      | HP: 1/52 [poisoned by a worker ant]
  5286 | D:4      | Reached XP level 8. HP: 36/58 MP: 8/8
  5721 | D:2      | Killed Sigmund
  6090 | D:4      | Reached skill level 8 in Maces & Flails
  6391 | D:3      | Reached skill level 5 in Armour
  6722 | D:5      | Entered Level 5 of the Dungeon
  7089 | D:5      | Found a staircase to the Ecumenical Temple.
  7106 | Temple   | Entered the Ecumenical Temple
  7186 | Temple   | Became a worshipper of the Shining One
  7186 | Temple   | Reached * piety under the Shining One
  7186 | Temple   | Reached ** piety under the Shining One
  7949 | D:5      | Found Ofetrori's Distillery.
  8065 | D:5      | Found a basalt altar of Yredelemnul.
  9002 | D:6      | Reached skill level 9 in Maces & Flails
  9065 | D:6      | Reached XP level 9. HP: 42/63 MP: 9/9
  9261 | D:6      | Learned a level 1 spell: Summon Small Mammal
  9963 | D:6      | Reached skill level 10 in Maces & Flails
 10097 | D:6      | Found a snail-covered altar of Cheibriados.
 10097 | D:6      | Found a hide-covered altar of Uskayaw.
 10105 | D:6      | Found a hazy altar of Hepliaklqana.
 10107 | D:6      | Found a faded altar of an unknown god.
 10109 | D:6      | Found a faded altar of an unknown god.
 10414 | D:7      | Found an ornate altar of the Wu Jian Council.
 10582 | D:7      | Reached *** piety under the Shining One
 10873 | D:8      | Noticed Maggie
 11163 | D:7      | Reached XP level 10. HP: 36/69 MP: 10/10
 11178 | D:7      | Reached skill level 11 in Maces & Flails
 11986 | D:7      | HP: 2/70 [poisoned by Maggie]
 12428 | D:7      | Killed Maggie
 13128 | D:8      | Reached skill level 1 in Invocations
 13452 | D:8      | Found a sparkling altar of Nemelex Xobeh.
 13469 | D:8      | Reached skill level 12 in Maces & Flails
 14024 | D:9      | Found a white marble altar of Elyvilon.
 14780 | D:9      | Noticed Erolcha
 14821 | D:9      | Killed Erolcha
 14821 | D:9      | Reached XP level 11. HP: 53/75 MP: 13/13
 15059 | D:10     | Entered Level 10 of the Dungeon
 15737 | D:10     | Reached skill level 13 in Maces & Flails
 15918 | D:11     | Noticed a two-headed ogre
 15918 | D:11     | Reached **** piety under the Shining One
 15934 | D:10     | Killed a two-headed ogre
 15934 | D:10     | Reached skill level 5 in Dodging
 16902 | D:11     | Noticed a white ugly thing
 18073 | D:11     | Noticed Urug
 18262 | D:11     | Noticed a red ugly thing
 18609 | D:11     | Identified the ring "Madghah" {*Contam rElec rC++ MR+
                  | Str+4}
 18633 | D:11     | Reached skill level 14 in Maces & Flails
 18854 | D:11     | Found a staircase to the Lair.
 19094 | D:11     | Killed a white ugly thing
 19114 | D:11     | Killed a red ugly thing
 19375 | D:11     | Hit by a javelin thrown by Urug

Illustrated notes

Levels and vault maps discovered:
D:1:      dpeg_arrival_tiny_k, layout_rooms, minmay_misc_feat_roman
D:2:      layout_basic, lemuel_doored_altar, minmay_tall_x, uniq_natasha,
          uniq_sigmund
D:3:      layout_rooms
D:4:      layout_cave_pods, nicolae_ossuary_entry_giza, uniq_eustachio
D:5:      layout_basic, kennysheep_mini_moat,
          minmay_temple_entry_statues_pillars, serial_shops, nicolae_shop_stone
D:6:      layout_rooms, chequers_temple_overflow_minitemple,
          kennysheep_generic_room_2
D:7:      layout_cave_pools, basic_altar, kennysheep_minor_cross,
          minmay_misc_feat_more_columns
D:8:      layout_cave_pools, old_standard_altar, nicolae_straight_to_the_point,
          uniq_maggie
D:9:      layout_basic, elyvilon_altar_4, uniq_erolcha
D:10:     layout_basic, kennysheep_boxes
D:11:     layout_loops_ring, minmay_lair_entry_grove, uniq_urug
Temple:   nicolae_temple_x_marks_the_god

Skill      XL: |  1  2  3  4  5  6  7  8  9 10 11 |
---------------+----------------------------------+-----
Armour         | 1 2 3 4 5 7 8 9 |  9.0
Maces & Flails | 4 5 6 7 9 10 12 14 | 14.2
Invocations    | 3 |  3.4
Dodging        | 4 5 |  5.3
Fighting       | |  3.0
Stealth        | |  2.0

Action                   |  1- 3 |  4- 6 |  7- 9 | 10-12 || total
-------------------------+-------+-------+-------+-------++-------
Melee: Mace              |    45 |       |    47 |       ||    92
       Whip              |    64 |   333 |   935 |       ||  1332
       Flail             |       |       |   142 |   519 ||   661
Throw: Boomerang         |       |       |       |     3 ||     3
 Cast: Summon Small Mamm |       |       |     2 |       ||     2
Invok: Divine Shield     |       |       |       |     2 ||     2
Evoke: Wand              |       |       |     8 |    15 ||    23
  Use: Potion            |       |     2 |     2 |    12 ||    16
       Scroll            |       |     3 |    10 |     6 ||    19
 Stab: Sleeping          |     1 |     2 |     1 |       ||     4
       Confused          |       |       |     3 |       ||     3
Armor: Ring mail         |    61 |   133 |   178 |       ||   372
       Plate armour      |       |       |   168 |    66 ||   234
       Steam dragon scal |       |       |       |    70 ||    70
Dodge: Dodged            |    72 |   217 |   443 |   393 ||  1125
Block: Other             |       |       |       |     3 ||     3

Table legend: (Time is in decaauts)
 A = Elapsed time spent in this place.
 B = Non-inter-level travel time spent in this place.
 C = Inter-level travel time spent in this place.
 D = Time resting spent in this place.
 E = Time spent auto-exploring this place.
 F = Levels seen in this place.
 G = Mean time per level.
                   A        B        C        D        E       F      G
               +--------+--------+--------+--------+--------+-----+--------+
         Total |  18977 |  18138 |    839 |   6516 |   6528 |  13 | 1459.8 |
       Dungeon |  17316 |  16485 |    831 |   5511 |   6398 |  11 | 1574.2 |
        Temple |    685 |    677 |      8 |    550 |     61 |   1 |  685.0 |
       Ossuary |    976 |    976 |      0 |    455 |     69 |   1 |  976.0 |
               +--------+--------+--------+--------+--------+-----+--------+

Top non-repeatable levels by time:
    D:10: 2813 daAuts
     D:7: 2282 daAuts
     D:4: 1993 daAuts
     D:2: 1827 daAuts
     D:5: 1646 daAuts
     D:6: 1496 daAuts
    D:11: 1410 daAuts
     D:9: 1201 daAuts
     D:3: 1081 daAuts
 Ossuary: 976 daAuts
     D:8: 884 daAuts
  Temple: 685 daAuts
     D:1: 679 daAuts
